 Dungeon Crawl Stone Soup version 0.29-a0-483-g69413ace17 (webtiles) character file.

Game seed: 15733692817368677254

47 spaghetti the Covert (level 3, 0/35 HPs)
             Began as a Gnoll Delver on May 25, 2022.
             Was an Initiate of Dithmenos.
             Slain by a hobgoblin (4 damage)
             ... on level 2 of the Dungeon.
             The game lasted 00:02:23 (534 turns).

spaghetti the Covert (Gnoll Delver)                  Turns: 534, Time: 00:02:24

Health: 0/35       AC:  3    Str: 11    XL:     3   Next: 70%
Magic:  4/4        EV: 10    Int:  9    God:    Dithmenos [......]
Gold:   25         SH:  0    Dex: 15    Spells: 3/3 levels left

rFire   . . .      SeeInvis .   h - +0 rapier {short}
rCold   . . .      Faith    .   (no shield)
rNeg    . . .      Spirit   .   b - +0 leather armour
rPois   .          Reflect  .   (no helmet)
rElec   .          Harm     .   (no cloak)
rCorr   .          Rampage  .   (no gloves)
Will    .....                   (no boots)
Stlth   ++++......              (no amulet)
HPRegen 0.11/turn               (no ring)
MPRegen 0.09/turn               (no ring)

@: hasted, constricted, very quick
A: fangs 1, strong nose, distributed training
a: Renounce Religion


You were on level 2 of the Dungeon.
You worshipped Dithmenos.
Dithmenos was noncommittal.
You visited 2 branches of the dungeon, and saw 6 of its levels.

You collected 25 gold pieces.


Innate Abilities, Weirdness & Mutations

You have very sharp teeth.
Your uncanny sense of smell can sniff out nearby items.
Your experience applies equally to all skills.


   Skills:
 + Level 6.5 Fighting
 + Level 4.5 Short Blades
 + Level 0.9 Long Blades
 + Level 0.9 Axes
 + Level 0.9 Maces & Flails
 + Level 0.9 Polearms
 + Level 0.9 Staves
 + Level 0.9 Slings
 + Level 0.9 Bows
 + Level 0.9 Crossbows
 + Level 0.9 Throwing
 + Level 0.9 Armour
 + Level 4.5 Dodging
 + Level 9.6 Stealth
 + Level 0.9 Shields
 + Level 0.9 Unarmed Combat
 + Level 0.9 Spellcasting
 + Level 0.6 Conjurations
 + Level 0.6 Hexes
 + Level 0.6 Summonings
 + Level 0.6 Necromancy
 + Level 0.6 Translocations
 + Level 0.6 Transmutations
 + Level 0.6 Fire Magic
 + Level 0.6 Ice Magic
 + Level 0.6 Air Magic
 + Level 0.6 Earth Magic
 + Level 0.6 Poison Magic
 + Level 1.0 Invocations
 + Level 0.9 Evocations


You had 3 spell levels left.
You didn't know any spells.
Your spell library contained the following spells:

 Spells                   Type           Power      Damage    Failure   Level
 Apportation              Tloc           2%         N/A       36%         1
 Conjure Flame            Conj/Fire      1%         6-21      75%         3
 Ignite Poison            Fire/Tmut/Pois 1%         N/A       75%         3
 Sticky Flame             Conj/Fire      1%         2d3       98%         4
 Alistair's Intoxication  Tmut/Pois      0%         N/A       100%        5

Inventory:

Hand Weapons
 a - a +0 short sword {short}
 h - a +0 rapier (weapon) {short}
   (You found it on level 4 of the Dungeon)
Armour
 b - a +0 leather armour (worn)
Wands
 g - a wand of digging (2)
Scrolls
 c - a scroll of fog
 d - a scroll of magic mapping {!r}

Dungeon Overview and Level Annotations

Branches:
Dungeon (6/15)             Temple (1/1) D:4

Altars:
Ashenzari
Cheibriados
Dithmenos
Elyvilon
Gozag
Hepliaklqana
Kikubaaqudgha
Makhleb
Okawaru
Ru
Sif Muna
Uskayaw
Vehumet
Wu Jian
Xom
Yredelemnul
Zin
The Shining One

Annotations:
D:3 Robin

#.###.###
#.#.....##
#........ # #
#.....# .#.#
###.....##.#.#
#......>#....
.#.....##.#.#.#
.........Shh...#
###.....##@#.#.#
#...S.###g..#
###..## #.##
.... .# #.#.. #
...##. ##


You could see 2 jackals, a hobgoblin and a ball python.


Message History

😮 HP[+1] Unknown command.
There are monsters nearby!
You are too injured to fight recklessly!
You are too injured to fight recklessly!
You are too injured to fight recklessly!
You are too injured to fight recklessly!
You are too injured to fight recklessly!
You are too injured to fight recklessly!
You are too injured to fight recklessly!
You are too injured to fight recklessly!
The giant cockroach barely misses you.
You closely miss the giant cockroach. The giant cockroach bites you. 😮 HP[-2]
You take 2 damage, and now have 24/35 hp.
You closely miss the giant cockroach. The giant cockroach misses you.
You hit the giant cockroach. The giant cockroach bites you. 😮 HP[-1]
You take 1 damage, and now have 23/35 hp.
You barely miss the giant cockroach. The giant cockroach barely misses you.
You puncture the giant cockroach!
You kill the giant cockroach!
Dithmenos accepts your kill. 😮 HP[+1]
A ball python comes into view.
There are monsters nearby!
There are monsters nearby!
You are too injured to fight recklessly!
The jackal barks!
You hear a bark!
You hear a shout!
You hear a bark!
A jackal comes into view. x2
The jackal bites you. The jackal barely misses you. 😮 HP[-3]
You take 3 damage, and now have 21/35 hp.
You hit the jackal. Your bite misses the jackal.
A hobgoblin comes into view.
The jackal bites you. 😮 HP[-1]
You take 1 damage, and now have 20/35 hp.
You are too injured to fight recklessly!
You puncture the jackal!
You kill the jackal!
Dithmenos accepts your kill. The jackal bites you. x2
* * * LOW HITPOINT WARNING * * *
The jackal bites you.
* * * LOW HITPOINT WARNING * * *
😨 HP[-7]
You take 7 damage, and now have 13/35 hp.
The jackal bites you.
* * * LOW HITPOINT WARNING * * *
You see here a jackal corpse. 😨 HP[-2]
You take 2 damage, and now have 11/35 hp.
You barely miss the jackal. The jackal barely misses you.
The jackal closely misses you. The hobgoblin closely misses you.
You hit the jackal. Your bite misses the jackal. The jackal bites you.
* * * LOW HITPOINT WARNING * * *
The jackal misses you.
The hobgoblin hits you but does no damage.
The jackal bites you.
* * * LOW HITPOINT WARNING * * *
The jackal bites you but does no damage. 😨 HP[-2]
You take 2 damage, and now have 9/35 hp.
Okay, then.
Okay, then.
You feel yourself speed up. The ball python barely misses you.
The ball python grabs you. The ball python constricts you.
The hobgoblin hits you but does no damage.
The jackal barely misses you. The jackal bites you.
* * * LOW HITPOINT WARNING * * *
😱 HP[-1]
You take 1 damage, and now have 8/35 hp.
Unknown command.
Unknown command.
You barely miss the hobgoblin. Your bite misses the hobgoblin.
The ball python bites you but does no damage.
The ball python constricts you.
* * * LOW HITPOINT WARNING * * *
The jackal barely misses you. The jackal bites you.
* * * LOW HITPOINT WARNING * * *
The hobgoblin misses you. 😱 HP[-1]
You take 1 damage, and now have 7/35 hp.
You hit the hobgoblin but do no damage. The jackal bites you.
* * * LOW HITPOINT WARNING * * *
The jackal bites you.
* * * LOW HITPOINT WARNING * * *
The ball python bites you but does no damage.
The ball python constricts you.
The hobgoblin barely misses you. 😱 HP[-3]
You take 3 damage, and now have 4/35 hp.
You hit the hobgoblin. The jackal misses you.
The jackal bites you but does no damage.
The ball python bites you but does no damage.
The ball python constricts you.
Unknown command.
You hit the hobgoblin. The hobgoblin hits you.
You die...

Skill      XL: |  1  2  3 |
---------------+----------+-----
Stealth        | |  9.6
Invocations    | 1 |  1.0
Fighting       | |  6.5
Short Blades   | |  4.5
Long Blades    | |  0.9
Axes           | |  0.9
Maces & Flails | |  0.9
Polearms       | |  0.9
Staves         | |  0.9
Slings         | |  0.9
Bows           | |  0.9
Crossbows      | |  0.9
Throwing       | |  0.9
Armour         | |  0.9
Dodging        | |  4.5
Shields        | |  0.9
Unarmed Combat | |  0.9
Spellcasting   | |  0.9
Conjurations   | |  0.6
Hexes          | |  0.6
Summonings     | |  0.6
Necromancy     | |  0.6
Translocations | |  0.6
Transmutations | |  0.6
Fire Magic     | |  0.6
Ice Magic      | |  0.6
Air Magic      | |  0.6
Earth Magic    | |  0.6
Poison Magic   | |  0.6
Evocations     | |  0.9

Action                   || total
-------------------------++-------
Melee: Short sword       ||     4
       Rapier            ||    40
       Bite              ||     4
Evoke: Wand              ||     1
  Use: Potion            ||     3
       Scroll            ||     1
 Stab: Sleeping          ||     5
Armor: Leather armour    ||    13
Dodge: Dodged            ||    31

Levels and vault maps discovered:
D:2:      layout_loops_ring, hellmonk_ecumenical_altar_run_dry, uniq_jessica
D:3:      layout_basic, uniq_natasha, uniq_robin
D:4:      layout_basic, minmay_temple_entry_offerings
D:5:      wander_river, layout_basic, mainiacjoe_overflow_small_starburst,
          grunt_gozag_breadcrumbs, serial_rivers,
          chequers_serial_rivers_small_a, chequers_serial_rivers_small_b,
          chequers_serial_rivers_room_b, chequers_serial_rivers_room_a
D:6:      layout_basic, uniq_prince_ribbit1, uniq_maggie, uniq_menkaure
Temple:   eino_temple_rhombus

Notes
Turn   | Place    | Note
-------+----------+-------------------------------------------
     0 | D:5      | Reached skill level 9 in Stealth
     0 | D:5      | spaghetti the Gnoll Delver began the quest for the Orb.
     0 | D:5      | Reached XP level 1. HP: 23/23 MP: 1/1
     0 | D:5      | magus.rc [v1.9.6]
    21 | D:6      | Noticed an ice beast
    22 | D:6      | Noticed a necrophage
    39 | D:5      | Noticed an orc wizard
    41 | D:5      | Found an ancient bone altar of Kikubaaqudgha.
    73 | D:5      | Found an opulent altar of Gozag.
    79 | D:5      | Noticed a phantom
   113 | D:4      | Found a staircase to the Ecumenical Temple.
   127 | D:4      | You pick up a book of Party Tricks and begin reading...
   127 | D:4      | You add the spells Apportation and Alistair's Intoxication
                  | to your library.
   131 | Temple   | Entered the Ecumenical Temple
   307 | Temple   | Became a worshipper of Dithmenos the Shadowed
   337 | D:4      | Reached XP level 2. HP: 29/29 MP: 2/2
   349 | D:4      | Reached XP level 3. HP: 35/35 MP: 2/4
   432 | D:3      | Noticed Robin
   443 | D:3      | You add the spells Conjure Flame, Ignite Poison and Sticky
                  | Flame to your library.
   449 | D:3      | Reached skill level 1 in Invocations
   530 | D:2      | HP: 8/35 [jackal (1)]
   534 | D:2      | Slain by a hobgoblin

Vanquished Creatures
  An iguana (D:4)
  2 dart slugs
  An endoplasm (D:4)
  A giant cockroach (D:2)
  5 goblins (D:3)
  3 hobgoblins
  A jackal (D:2)
  A ball python (D:3)
  A bat (D:3)
16 creatures vanquished.

Table legend:
 A = Non-vault XP
 B = Vault XP
 C = Vault XP percentage of total XP
 D = Non-vault monster count
 E = Vault monster count
 F = Vault count percentage of total count
                 A         B        C        D         E       F
            +---------+---------+-------+---------+---------+-------
      Total |      59 |       9 |  13.2 |      11 |       5 |  31.2
            +---------+---------+-------+---------+---------+-------
        D:2 |       4 |       0 |   0.0 |       2 |       0 |   0.0
        D:3 |       6 |       9 |  60.0 |       4 |       5 |  55.6
        D:4 |      45 |       0 |   0.0 |       4 |       0 |   0.0
        D:5 |       4 |       0 |   0.0 |       1 |       0 |   0.0
            +---------+---------+-------+---------+---------+-------

Illustrated notes

Table legend:
 A = Kills in this place as a percentage of kills in entire the game.
 B = Kills by you in this place as a percentage of kills by you in the entire game.
 C = Kills by friends in this place as a percentage of kills by friends in the entire game.
 D = Other kills in this place as a percentage of other kills in the entire game.
 E = Experience gained in this place as a percentage of experience gained in the entire game.
 F = Experience gained in this place divided by the number of levels of this place that you have seen.
                   A       B       C       D       E      F
               +-------+-------+-------+-------+-------+----------------------
         Total | 100.0 | 100.0 |   N/A |   N/A | 100.0 |  11.3
       Dungeon | 100.0 | 100.0 |   N/A |   N/A | 100.0 |  13.6
               +-------+-------+-------+-------+-------+----------------------

Table legend: (Time is in decaauts)
 A = Elapsed time spent in this place.
 B = Non-inter-level travel time spent in this place.
 C = Inter-level travel time spent in this place.
 D = Time resting spent in this place.
 E = Time spent auto-exploring this place.
 F = Levels seen in this place.
 G = Mean time per level.
                   A        B        C        D        E       F      G
               +--------+--------+--------+--------+--------+-----+--------+
         Total |    532 |    485 |     47 |      0 |    229 |   6 |   88.7 |
       Dungeon |    346 |    320 |     26 |      0 |     82 |   5 |   69.2 |
        Temple |    186 |    165 |     21 |      0 |    147 |   1 |  186.0 |
               +--------+--------+--------+--------+--------+-----+--------+

Top non-repeatable levels by time:
  Temple: 186 daAuts
     D:4: 127 daAuts
     D:3: 98 daAuts
     D:5: 97 daAuts
     D:2: 17 daAuts
     D:6: 5 daAuts
